 Dungeon Crawl Stone Soup version 0.26.1-10-gdfb7c7de75 (webtiles) character file.

Game seed: 6979477827699577824

619 tardwrangler69 the Cutter (level 7, 0/37 HPs)
             Began as a Vine Stalker Fighter on Apr 7, 2021.
             Slain by a bullfrog zombie (4 damage)
             ... on level 5 of the Dungeon.
             The game lasted 00:04:04 (3996 turns).

tardwrangler69 the Cutter (Vine Stalker Fighter)    Turns: 3996, Time: 00:04:05

Health: 0/37       AC: 12    Str: 21    XL:     7   Next: 46%
Magic:  0/8        EV:  6    Int:  8    God:
Gold:   209        SH:  5    Dex: 13    Spells: 6/6 levels left

rFire    . . .     SeeInvis .   a - +0 rapier
rCold    . . .     Faith    .   f - +0 buckler
rNeg     . . .     Spirit   +   u - +0 plate armour
rPois    +         Reflect  .   l - +0 helmet
rElec    .         Harm     .   (no cloak)
rCorr    .         Rampage  .   (no gloves)
Will     .....                  (no boots)
Stlth    ..........             (no amulet)
HPRegen  0.52/turn              h - ring of stealth
MPRegen  0.11/turn              n - ring of poison resistance

@: no status effects
A: fangs 2, regeneration 1, magic shield, antimagic bite, no potion heal 3
a: no special abilities


You were on level 5 of the Dungeon.
You visited 1 branch of the dungeon, and saw 5 of its levels.

You collected 209 gold pieces.

Inventory:

Hand Weapons
 a - a +0 rapier (weapon)
Missiles
 r - 2 javelins (quivered)
Armour
 b - a +0 scale mail
 c - a +0 kite shield
 f - a +0 buckler (worn)
 l - a +0 helmet (worn)
 u - a +0 plate armour (worn)
Jewellery
 h - a ring of stealth (left hand)
 i - an uncursed ring of wizardry {unknown}
 n - a ring of poison resistance (right hand)
 o - an uncursed amulet of faith {unknown}
Wands
 t - a wand of iceblast (11)
Scrolls
 e - 2 scrolls of identify
 k - 4 scrolls of remove curse
Potions
 d - 3 potions of might
 g - 3 potions of lignification {unknown}
 j - 4 potions of flight {unknown}
 m - 3 potions of mutation
 p - a potion of ambrosia {unknown}
 q - 6 potions of curing {unknown}
 s - a potion of invisibility {unknown}
 v - 2 potions of heal wounds {unknown}


   Skills:
 + Level 4.1 Fighting
 * Level 4.8 Short Blades
 + Level 3.8 Armour
 - Level 4.0 Shields


You had 6 spell levels left.
You didn't know any spells.
Your spell library was empty.

Dungeon Overview and Level Annotations

Branches:
Dungeon (4/15)
 Temple: D:4-7

Altars:

Shops:
D:4 (


Innate Abilities, Weirdness & Mutations

You have extremely sharp teeth.
Your natural rate of healing is unusually fast.
When hurt, damage is shared between your health and your magic reserves.
Your bite disrupts and absorbs the magic of your enemies.
Potions cannot restore your health.


Message History

The bullfrog zombie barely misses you. The iguana barely misses you.
The white imp hits you. The white imp freezes you.
You barely miss the centaur.
The centaur is almost dead.
The centaur hits you. The bullfrog zombie barely misses you.
You block the dart slug's attack.
The iguana bites you but does no damage.
The centaur hits you.
* * * LOW HITPOINT WARNING * * *
The white imp gestures at you. The puff of frost hits you.
* * * LOW HITPOINT WARNING * * *
You hit the centaur.
You kill the centaur!
The bullfrog zombie hits you.
* * * LOW HITPOINT WARNING * * *
You block the dart slug's attack. The iguana bites you.
* * * LOW HITPOINT WARNING * * *
The bullfrog zombie hits you.
You die...

.......#...........#.#
.............##....#...
......#....#.#.......#..
.....##...#.........#..
# .........#....###.....
#....#..........# .....
#..##.(.....#..# .#...
#....5Zl...###..
#.....@w...# ...
........).....#
...##........... ..
##.....$.... #
........... ##..........
....?..... .....[....


You could see an iguana, a white imp, a dart slug and a bullfrog zombie.

Vanquished Creatures
  Sigmund (D:2)
  2 ogres
  A centaur (D:5)
  2 orc priests (D:3)
  2 orc wizards (D:3)
  An iguana (D:4)
  Natasha (twice) (D:2)
  3 adders
  An ufetubus (D:5)
  2 worms
  3 dart slugs
  A leopard gecko (D:5)
  8 orcs (D:3)
  7 giant cockroaches
  3 goblins
  A hobgoblin (D:1)
  3 quokkas
  4 bats
  3 frilled lizards
  6 kobolds
  A leopard gecko skeleton (D:5)
  5 rats
62 creatures vanquished.

Notes
Turn   | Place    | Note
-------+----------+-------------------------------------------
     0 | D:1      | tardwrangler69 the Vine Stalker Fighter began the quest for
                  | the Orb.
     0 | D:1      | Reached XP level 1. HP: 11/11 MP: 2/2
   929 | D:1      | Reached XP level 2. HP: 16/16 MP: 3/3
  1411 | D:2      | Reached XP level 3. HP: 6/19 MP: 2/4
  1644 | D:2      | Noticed Natasha
  1653 | D:2      | Killed Natasha
  1654 | D:2      | Gained mutation: Your natural rate of healing is unusually
                  | fast. [Vine Stalker growth]
  1654 | D:2      | Reached XP level 4. HP: 17/24 MP: 5/5
  1906 | D:2      | Noticed Sigmund
  1931 | D:2      | Killed Sigmund
  1932 | D:2      | Reached XP level 5. HP: 21/28 MP: 4/6
  1932 | D:2      | Reached XP level 6. HP: 24/32 MP: 4/7
  2229 | D:2      | Noticed Natasha
  2239 | D:2      | Killed Natasha
  2611 | D:3      | Found a faded altar of an unknown god.
  3461 | D:4      | Reached XP level 7. HP: 11/37 MP: 3/8
  3905 | D:4      | Found Kuorghoh's Weapon Shop.
  3922 | D:4      | You fall into a shaft and drop 1 floor!
  3922 | D:5      | Entered Level 5 of the Dungeon
  3996 | D:5      | Slain by a bullfrog zombie

Illustrated notes

Levels and vault maps discovered:
D:1:      dpeg_arrival_another_circle, layout_basic
D:2:      layout_loops_ring, uniq_sigmund, uniq_natasha
D:3:      layout_loops_corners, chequers_ecumenical_altar_simple_redux
D:4:      layout_layer_cave, serial_shops, nicolae_shop_waterfront
D:5:      layout_cave_pools, temple_pool_b, chequers_ossuary_entry_cave

Skill      XL: |  1  2  3  4  5  6  7 |
---------------+----------------------+-----
Short Blades   | 2 3 4 |  4.8
Fighting       | 3 4 |  4.1
Shields        | 3 4 |  4.0
Armour         | 3 |  3.8

Action                   |  1- 3 |  4- 6 |  7- 9 || total
-------------------------+-------+-------+-------++-------
Melee: Rapier            |    47 |   134 |    36 ||   217
       Bite              |     8 |    44 |    10 ||    62
  Use: Scroll            |       |     5 |       ||     5
 Stab: Sleeping          |       |     1 |       ||     1
Armor: Scale mail        |    13 |    17 |       ||    30
       Plate armour      |       |    33 |    29 ||    62
Dodge: Dodged            |    16 |    41 |    14 ||    71
Block: Buckler           |     9 |    22 |    11 ||    42
